[Event "1000GM Memorial Day NY IM-B 2023"]
[Site "New York"]
[Date "2023.05.26"]
[Round "1.1"]
[White "Barbosa, Oliver"]
[Black "Lee, Alice"]
[Result "1/2-1/2"]
[ECO "A11"]
[WhiteElo "2492"]
[BlackElo "2391"]
[Annotator "TA"]
[PlyCount "79"]
[EventDate "2023.05.23"]
[EventType "schev"]
[EventCountry "USA"]
[SourceTitle "playchess.com"]
[Source "ChessBase"]
[SourceQuality "1"]
[TimeControl "5400+30"]

1. Nf3 d5 2. c4 c6 3. g3 Nf6 4. Bg2 dxc4 5. O-O Nbd7 6. Qc2 Nb6 {[%emt 0:00:06] A11: English Opening: 1...c6.} 7. a4 g6 (7... a5 $5 ) 8. Re1 (8. a5 $14 Bf5 9. Qc3) 8... a5 $1 $11 {[%emt 0:03:43] The position is equal.} 9. Na3 {[%emt 0:00:49][%cal Bb1a3,Ba3c4,Bc4e5][%mdl 32] [#]} Bg7 $146 ({Predecessor:} 9... Be6 10. Ng5 Qd7 11. Nxe6 Qxe6 12. Rb1 Bg7 13. b3 c3 14. dxc3 O-O 15. Bf4 Nfd7 {½-½ Stocek,J (2537)-Haba,P (2545) CZE-chT 9899 1998 (11)}) 10. Nxc4 Nbd5 (10... Nfd5 $15 11. d3 O-O) 11. d3 O-O (11... Nb4 $5 12. Qb3 Be6 $11) 12. Bd2 Ne8 13. d4 Nd6 14. Nce5 f6 15. Nd3 Bf5 16. Nh4 {[%emt 0:04:48] e4 would be deadly.} Be4 17. f3 Bxd3 18. Qxd3 g5 19. Nf5 Nxf5 $1 20. Qxf5 Qb6 21. e4 Qxd4+ 22. Kh1 Qxd2 23. Rad1 (23. exd5 {simplifies} Qxd5 24. Qxd5+ cxd5 25. Rxe7 Rf7 26. Re2) 23... Qc2 24. Qe6+ Kh8 $1 {[%emt 0:02:37][%cal Od5e3] And now ...Ne3! would win.} 25. exd5 cxd5 26. Bf1 f5 27. Rxd5 Qc6 {[%emt 0:00:58] Black is weak on the light squares} 28. b3 g4 29. fxg4 Qxe6 (29... fxg4 {simplifies} 30. Bb5 Qxe6 31. Rxe6 Rad8) 30. Re2 {[%emt 0:19:08][%mdl 8192] [#]} (30. Rxe6 $14 fxg4 31. Be2) 30... Qe5 $2 31. Rexe5 $19 fxg4 (31... Bxe5 $19 32. Rxe5 fxg4) 32. Re6 $2 (32. Re1 $11) 32... Rac8 $2 ({Better is} 32... Rxf1+ $19 33. Kg2 Raf8) 33. Be2 Rc2 34. Bxg4 $2 (34. Rxe7 $11 Rf2 35. Rd8+ (35. Bxg4 $2 Rf1#) 35... Rf8 36. Rdd7) 34... Rcf2 $2 {[%emt 0:01:36] [#]} (34... Rf1# {mates}) 35. Bf5 $2 Bf6 $2 (35... R8xf5 $2 36. Rxf5 Rxf5 37. Rxe7 $19) (35... R2xf5 $19 36. Rxf5 Rxf5 37. Rxe7 b6) 36. g4 (36. Rxa5 $2 {loses.} Rd8 37. Bg4 Rdd2 $19) ({White should play} 36. Bd3 $14) 36... Rg8 (36... Rc8 $11 37. Re1 (37. Rxa5 $2 {gets mated.} Rc1+) 37... Rc3) 37. Bd3 (37. Rxa5 $2 {perishes.} Rd8 38. Kg1 Rb2 $19) (37. Rb6 $14) 37... Rg5 (37... Rxg4 $15 38. Re4 Rxe4 39. Bxe4 b6) 38. h3 $2 Kg7 $2 (38... Rxd5 $19 39. Re2 Rxe2 40. Bxe2 Rd2) 39. Rd8 {[%emt 0:00:00] [#] White is more active.} (39. Bf5 $16) 39... Rf1+ $2 40. Kh2 $2 {[%emt 0:00:00] An interesting game.   Weighted Error Value: White=0.93/Black=0.99} ({Only move:} 40. Bxf1 $18 h5 41. gxh5) 1/2-1/2

[Event "1000GM Memorial Day NY IM-B 2023"]
[Site "New York"]
[Date "2023.05.26"]
[Round "1.2"]
[White "Ansh M Shah"]
[Black "Nagy, Gabor"]
[Result "0-1"]
[ECO "E01"]
[WhiteElo "2171"]
[BlackElo "2468"]
[Annotator "TA"]
[PlyCount "95"]
[EventDate "2023.05.23"]
[EventType "schev"]
[EventCountry "USA"]
[SourceTitle "playchess.com"]
[Source "ChessBase"]
[SourceQuality "1"]
[TimeControl "5400+30"]

1. d4 Nf6 2. c4 e6 3. g3 d5 4. Bg2 h6 5. Nf3 Bd6 6. O-O {[%emt 0:00:19] E01: Catalan: Early deviations.} O-O 7. Nc3 Nc6 8. Nb5 (8. b3 $14 {should be considered.}) 8... dxc4 $11 {[%emt 0:01:59] [#]} 9. Qa4 $146 ({Predecessor:} 9. Qc2 e5 10. dxe5 Bxe5 11. Qxc4 Be6 12. Qa4 a6 13. Nxe5 axb5 14. Nxc6 Rxa4 15. Nxd8 Rxd8 16. Bxb7 Rxa2 17. Rxa2 Bxa2 {0-1 Injac,T (2384)-Ivanisevic,I (2557) SRB-ch Blitz 2022 (2)}) 9... e5 (9... a6 $5 ) 10. dxe5 Bxe5 11. Nxe5 Nxe5 12. Bf4 Qe7 13. Qa5 Ng6 14. Bxc7 {[%emt 0:12:39] [#] Black must now prevent Bd6.} Ne8 {[%emt 0:00:41] Against Bd6} (14... Bd7 $142) 15. Bb6 $36 {[%emt 0:09:09][%mdl 2048] Black is under strong pressure.} Qg5 (15... Nf6 $16 {was necessary.}) 16. Be3 {[%emt 0:05:12] A strong pair of Bishops.} (16. Nxa7 Qxa5 17. Bxa5 Rxa7 $15) ({Better is} 16. Na3 $18) 16... Qh5 17. Qb4 (17. Bxa7 Rxa7 18. Qxa7 Qxb5 $15) 17... Bd7 18. Nc3 (18. Bxb7 Rb8 19. Nc3 (19. Nxa7 $2 Nf6 $19) 19... Bc6 $15) 18... Nf6 19. Bd4 (19. Qxb7 Ng4 20. h3 (20. Qxd7 $2 Qxh2#) 20... Nxe3 21. fxe3 (21. Qxd7 Rad8 $11) 21... Be6 $11) (19. Bxb7 Rfb8 20. f3 Qe5 $19) 19... Ng4 20. h3 (20. Qxb7 $2 Qxh2#) 20... N4e5 21. Bxe5 (21. Bxb7 $2 Rab8 22. f4 (22. Bxa7 $2 Rxb7 23. Qxb7 Bc6 $19) 22... Qxh3 $19) (21. Qxb7 $6 Bxh3 22. Bxh3 (22. Bxa7 Bxg2 23. Kxg2 Nh4+ 24. gxh4 Qg4+ 25. Kh2 Qxh4+ 26. Kg2 Qg5+ 27. Kh1 Qh5+ 28. Kg1 Ng4 $11) 22... Qxh3 $14) 21... Nxe5 22. f4 (22. Bxb7 $2 Rab8 23. Nd5 Qxh3 $19) (22. Qxb7 $6 Bxh3 23. Bxh3 Qxh3 $11) 22... Nc6 23. Qxb7 (23. Qxc4 $6 Bxh3 24. Rfd1 Rad8 $11) 23... Rfd8 24. Rad1 (24. Bxc6 Qc5+ 25. Kh2 Bxc6 $17) (24. Qb5 {simplifies} Qxb5 25. Nxb5 Rab8 26. Rfd1) 24... Rab8 25. Qa6 Qc5+ 26. Kh2 Be8 27. Ne4 Qb4 28. a3 (28. Rxd8 $16 Rxd8 29. Rb1) 28... Qxb2 $11 {[%emt 0:00:30] ...Rxd1 would be deadly.} 29. Qxc4 Qxa3 30. Qc5 Qxc5 31. Nxc5 Rdc8 32. Ne4 Ne7 33. Nd6 Rc2 34. Nxe8 Rxe8 35. Rf2 ({White should play} 35. Bf3 $14) 35... Nf5 36. Bf3 g6 37. g4 Ne3 38. Rd7 a5 39. f5 g5 40. Kg3 Rc4 41. Bd5 (41. Ra7 $11) 41... Nxd5 $15 42. Rxd5 {[%emt 0:00:02][%mdl 4096] Endgame KRR-KRR} a4 43. Ra5 (43. Rd3 $15) 43... Re3+ $17 44. Kg2 {[%emt 0:00:19] [#]} f6 {[%emt 0:00:00] Black is more active.} (44... a3 $1 $17 {Strongly threatening ...Rc2.} 45. Rf3 Rxe2+ 46. Kg3 (46. Kf1 $2 Rb2 $19) 46... a2) 45. Ra7 a3 46. Kf1 $2 (46. Ra8+ Kf7 47. Rf1 h5) (46. Rf1 $11) 46... Rc1+ $19 ({Inferior is} 46... Rxh3 47. Rf3 (47. Ra8+ Kf7 $17) 47... Rc1+ 48. Kg2 Rxf3 49. Ra8+ Kf7 50. Kxf3 $17) 47. Kg2 Rc2 $2 (47... Re1 $19 {and Black stays clearly on top. And now ...Kf8 would win.} 48. Ra6 Kg7 49. Ra7+ Kf8) 48. Rf3 $2 {[%emt 0:01:30][%mdl 8192] Quite a comeback for Black.   Weighted Error Value: White=0.27 (precise) /Black=0.18 (very precise)} (48. Kg1 $17) 0-1

[Event "1000GM Memorial Day NY IM-B 2023"]
[Site "New York"]
[Date "2023.05.26"]
[Round "1.3"]
[White "Bortnyk, Mykola"]
[Black "Pang, Qi"]
[Result "1/2-1/2"]
[ECO "D93"]
[WhiteElo "2425"]
[BlackElo "2165"]
[Annotator "TA"]
[PlyCount "104"]
[EventDate "2023.05.23"]
[EventType "schev"]
[EventCountry "USA"]
[SourceTitle "playchess.com"]
[Source "ChessBase"]
[SourceQuality "1"]
[TimeControl "5400+30"]

1. d4 d5 2. c4 c6 3. Nf3 Nf6 4. Qc2 g6 5. Bf4 Bg7 6. e3 O-O 7. Nc3 a6 $1 {[%emt 0:01:20][%mdl 4] 7...a6 is the recent fashion.} 8. Bd3 {[%emt 0:02:20] has lost popularity (8.h3). D93: Grünfeld: 4 Nf3 Bg7 5 Bf4 0-0 6 e3.} dxc4 9. Bxc4 b5 {[%emt 0:00:18] Black is weak on the dark squares} 10. Bb3 {[%emt 0:00:48] White is slightly better.} Nbd7 11. O-O Bb7 {[%emt 0:08:27] [#]} 12. a4 $146 ({Predecessor:} 12. Rad1 Qb6 13. Qe2 Rfd8 14. e4 e6 15. Bg5 h6 16. Bh4 g5 17. Bg3 c5 18. d5 exd5 19. Nxd5 Nxd5 20. Bxd5 Bxd5 21. exd5 {0-1 Deen Cowell,N (1904)-Willathgamuwa,K (1689) Australian op 2013 (10)}) 12... Qb6 13. Ne5 c5 14. axb5 axb5 {[%emt 0:00:54] White must now prevent ...c4.} (14... cxd4 {is more complex.} 15. Nd5 Nxd5 16. Nxd7 Qxb5 17. Ba4 Rfc8) 15. Rxa8 Bxa8 16. Bxf7+ {[%emt 0:00:13][%mdl 64] [#] Decoy} Rxf7 17. Nxf7 Kxf7 (17... Qb7 $5 18. f3 Kxf7 $15) 18. Qb3+ Kf8 19. dxc5 Nxc5 (19... Qc6 $5 20. f3 $8 Nh5 $11) 20. Qxb5 Qxb5 (20... Qc6 {looks sharper.} 21. Qxc6 Bxc6 22. b4 Nfd7) 21. Nxb5 {[%emt 0:00:05] Threatens to win with Rc1.} Bb7 (21... Ne8 $11) 22. Nc7 (22. Nd6 $14) 22... Kf7 23. Rd1 Nfe4 24. b4 Nc3 25. Rd8 Na6 26. Ne8 {[%emt 0:05:36][%cal Ob4b5] And now b5! would win.} Ne2+ 27. Kh1 (27. Kf1 $11 Nxf4 28. exf4) 27... Bc3 $1 $15 {[%emt 0:02:50][%cal Oe2f4] aiming for ...Nxf4! This pair of bishops is nice.} ({Much worse is} 27... Nxb4 28. Nxg7 Nxf4 29. exf4 $11) 28. Nd6+ exd6 29. Rd7+ Ke6 $1 30. Rxb7 Nxb4 (30... Nxf4 $15 31. exf4 Nxb4) 31. Rxh7 {[%emt 0:00:38] [#]} (31. g3 $11 {remains equal.}) 31... Nd3 (31... Nxf4 $1 $17 32. exf4 d5) 32. g3 $11 {[%emt 0:00:10] The position is equal.} Nexf4 33. gxf4 Nxf2+ 34. Kg2 Ne4 35. Kf3 d5 36. h4 Bf6 37. Kg4 Nf2+ 38. Kg3 Ne4+ 39. Kf3 Nd2+ 40. Kg4 Nc4 41. Kf3 Nd2+ 42. Kg2 Nc4 43. Kf2 Nd6 44. h5 gxh5 45. Rxh5 Ne4+ 46. Kf3 Bc3 47. f5+ Kf6 (47... Ke5 {feels hotter.} 48. f6+ Ke6 49. f7 Bb4) 48. Kf4 Be5+ 49. Kg4 Nf2+ (49... Kg7 $5 50. Kf3 Nd2+ 51. Ke2 Ne4 $11) 50. Kf3 Ne4 51. Kg4 Nf2+ 52. Kf3 Ne4 {[%emt 0:04:55] Weighted Error Value: White=0.15 (very precise) /Black=0.11 (very precise)} 1/2-1/2

[Event "1000GM Memorial Day NY IM-B 2023"]
[Site "New York"]
[Date "2023.05.26"]
[Round "1.4"]
[White "Hebbar, Eshaan"]
[Black "Chen, Justin"]
[Result "0-1"]
[ECO "E21"]
[WhiteElo "1969"]
[BlackElo "2333"]
[Annotator "TA"]
[PlyCount "102"]
[EventDate "2023.05.23"]
[EventType "schev"]
[EventCountry "USA"]
[SourceTitle "playchess.com"]
[Source "ChessBase"]
[SourceQuality "1"]
[TimeControl "5400+30"]

1. d4 Nf6 2. c4 b6 3. Nc3 Bb7 4. Nf3 e6 5. g3 Bb4 6. Bg2 O-O 7. O-O Bxc3 8. bxc3 d6 9. a4 Nc6 {[%emt 0:04:31] E21: Nimzo-Indian: 4 Nf3.} 10. Nd2 {[%emt 0:09:18] Against Ne4} Na5 11. Bxb7 Nxb7 {[%emt 0:00:01] The position is equal.} 12. Nb3 a5 {[%emt 0:07:16] [#]} 13. Qd3 $146 ({Predecessor:} 13. Ba3 Re8 14. c5 bxc5 15. dxc5 Qd7 16. cxd6 cxd6 17. Nd4 Rac8 18. Qb3 e5 19. Nb5 {1-0 Rasulov,V (2516)-Grischuk,A (2745) Titled Tuesday intern op 28th Feb Late blitz 2023 (7)}) 13... Re8 14. e4 e5 15. f3 h6 16. Be3 Qd7 17. Rfd1 Rad8 18. Qe2 Qe6 19. Bf2 Nh7 20. Nd2 Rd7 21. Rab1 Ng5 22. Be3 Qf6 23. dxe5 $2 (23. Rf1 $14 {stays ahead.}) 23... dxe5 $17 24. h4 {[%emt 0:00:57] [#]} Ne6 {[%emt 0:00:38] Black has more active pieces.} (24... Rxd2 $142 $1 25. Bxd2 Nxf3+ 26. Kg2 Nxd2 27. Qxd2 Nc5) 25. Nb3 Rxd1+ 26. Rxd1 Qe7 {[%emt 0:00:04] ...Qa3 is the strong threat.} 27. Qc2 Rd8 28. Nc1 {[%emt 0:13:48] [#]} (28. Rxd8+ $17 {might work better.} Qxd8 29. c5) 28... Nec5 (28... Rxd1+ $1 $19 {is more deadly.} 29. Qxd1 Qa3) 29. Rd5 (29. Nd3 $17) 29... Rxd5 $19 30. cxd5 Qd7 31. f4 (31. c4 $17) 31... Qxa4 32. Qxa4 Nxa4 {[%emt 0:00:01][%mdl 4096] Endgame KBN-KNN} 33. Bd2 $2 (33. Na2 {is a better defense.}) 33... Nd6 34. fxe5 Nxe4 35. Be3 Naxc3 {[%emt 0:00:58] Excellent horsemanship. Black is clearly winning.} (35... Nxg3 $2 36. c4 $19) 36. d6 cxd6 37. Bxb6 a4 (37... dxe5 $2 {is the wrong capture.} 38. Bxa5 f6 39. Kg2 $19) ({Weaker is} 37... Nxg3 38. exd6 Nge2+ 39. Kh2 $16 (39. Nxe2 Nxe2+ 40. Kh2 Nf4 $11)) 38. exd6 Nxd6 (38... Nxg3 $2 39. d7 $18) 39. Bc5 Nf5 40. Nd3 Nxg3 41. Nb2 Nf5 42. Bb4 Nd5 43. Ba3 Nxh4 44. Nxa4 Kh7 45. Kf2 g5 46. Nc5 h5 {[%emt 0:00:23][%cal Bh6h5,Bh5h4][%mdl 32] White must now prevent ...g4.} 47. Ne4 Kg6 48. Bd6 Nf5 {[%emt 0:00:07] aiming for ...Nxd6.} 49. Bb8 h4 50. Kf3 Nd4+ 51. Kf2 g4 {[%emt 0:00:22] Weighted Error Value: White=0.48/Black=0.13 (very precise)} 0-1

[Event "1000GM Memorial Day NY IM-B 2023"]
[Site "New York"]
[Date "2023.05.26"]
[Round "1.5"]
[White "Luo, Terry"]
[Black "Nakada, Akira"]
[Result "1/2-1/2"]
[ECO "E08"]
[WhiteElo "2321"]
[BlackElo "2321"]
[Annotator "TA"]
[PlyCount "71"]
[EventDate "2023.05.23"]
[EventType "schev"]
[EventCountry "USA"]
[SourceTitle "playchess.com"]
[Source "ChessBase"]
[SourceQuality "1"]
[TimeControl "5400+30"]

1. d4 Nf6 2. c4 e6 3. Nf3 d5 4. g3 Bb4+ 5. Bd2 Be7 6. Bg2 O-O 7. O-O Nbd7 8. Qc2 c6 9. Bf4 b6 10. Rd1 {[%emt 0:00:14] 10.Nbd2 is more fashionable.} Bb7 11. Ne5 Nh5 {[%emt 0:00:29] E08: Closed Catalan: Main Line: 7 Qc2.} 12. Nc3 Nxe5 {[%emt 0:09:41] [#]} 13. Bxe5 $146 ({Predecessor:} 13. dxe5 Nxf4 14. gxf4 Bc5 15. Ne4 Qh4 16. Nxc5 bxc5 17. e3 f6 18. cxd5 cxd5 19. Qxc5 fxe5 {1-0 Gaehwiler,G (2406)-Aczel,G (2516) BL2-Sued 2122 2022 (7.1)}) 13... f6 {[%emt 0:02:44] Black is slightly better.} ({Of course not} 13... dxc4 14. e3 $11) 14. Bf4 Nxf4 15. gxf4 f5 16. e3 a5 (16... Bd6 $15) 17. Rac1 $11 {[%emt 0:07:21] The position is equal.} Ba6 18. cxd5 cxd5 19. Bf1 Bxf1 20. Rxf1 Rc8 21. Qe2 Kh8 22. Kh1 Rg8 23. Nb5 Qd7 24. a4 Bb4 25. b3 g6 26. Qb2 h6 27. Rxc8 Rxc8 28. Rc1 {[%emt 0:00:02] Dodges Qc6} Rc6 29. Kg2 g5 30. fxg5 hxg5 31. Rxc6 Qxc6 {[%emt 0:00:05] KQB-KQN} 32. Qe2 Kg7 33. Qf3 Qc2 34. Qg3 Qe4+ (34... Qxb3 $2 35. Qxg5+ Kf7 36. Qh5+ Kg7 37. Nc7 Qxa4 38. Nxe6+ Kf6 39. Nf4 $18) 35. Qf3 Qc2 36. Qg3 {[%emt 0:00:04] Weighted Error Value: White=0.03 (flawless) /Black=0.03 (flawless)} 1/2-1/2

[Event "1000GM Memorial Day NY IM-B 2023"]
[Site "New York"]
[Date "2023.05.26"]
[Round "1.6"]
[White "Espinosa, Pedro"]
[Black "Bisiriyu-Salam, Oluwaseun"]
[Result "1/2-1/2"]
[ECO "A52"]
[WhiteElo "2229"]
[BlackElo "2011"]
[Annotator "TA"]
[PlyCount "77"]
[EventDate "2023.05.23"]
[EventType "schev"]
[EventCountry "USA"]
[SourceTitle "playchess.com"]
[Source "ChessBase"]
[SourceQuality "1"]
[TimeControl "5400+30"]

1. d4 Nf6 2. c4 e5 3. dxe5 Ng4 4. e4 Nxe5 5. f4 Nec6 6. Nc3 {[%emt 0:01:25] A52: Budapest Gambit.} Bb4 7. Nge2 a5 $1 8. Be3 {[%emt 0:02:55] White is slightly better.} Na6 9. g3 d6 10. a3 Bc5 {[%emt 0:00:22] [#]} 11. Bxc5 $146 ({Predecessor:} 11. Qd2 Be6 12. Nd5 a4 13. Bg2 Bxd5 14. cxd5 Na5 15. Qxa5 Bxe3 16. Qxa4+ Kf8 17. Nc3 {½-½ Socko,B (2636)-Psyk,R (2411) PGNiG POL Cup KO rapid 2022 (3.1)}) 11... Nxc5 12. Bg2 a4 13. O-O O-O 14. Qc2 Be6 15. Nd5 f5 16. e5 dxe5 17. fxe5 Nxe5 {[%emt 0:07:48] ...c6 would be deadly.} 18. Rad1 (18. Qc3 $11 {keeps the balance.} Qd6 19. Rad1) 18... c6 $17 19. Qc3 {[%emt 0:10:50] Wards off Qa5} Ned7 20. Ndf4 {[%emt 0:03:17][%cal Bd5f4,Bf4e2,Be2g3][%mdl 32] [#]} Bf7 $1 21. Nd4 Qf6 (21... g6 $19 22. Rde1 Re8 23. Rxe8+ Qxe8) 22. Nfe2 Bg6 23. g4 (23. Bh3 $17 {might work better.}) 23... Qg5 $19 24. gxf5 Bxf5 25. Ng3 Bg4 26. Rde1 h5 (26... Rxf1+ $19 27. Nxf1 Rf8) 27. h3 $17 {[%emt 0:03:10] [#]} Rxf1+ (27... h4 $1 $17 28. Rxf8+ Rxf8) 28. Bxf1 $15 h4 {[%emt 0:00:20] White must now prevent ...Bh5.} 29. hxg4 Qxg4 (29... hxg3 $15 30. Nf5 Rf8 31. Ne7+ Kf7) 30. Re3 $2 Nf6 ({Resist} 30... hxg3 31. Rxg3 Qf4 32. Nf5 $14) ({Black should play} 30... Rf8 $19 {And now ...Rf6 would win.} 31. Nde2 Qg6 {[%mdl 64] Pin}) 31. Be2 (31. Ndf5 $1 $15 Nce4 {[%mdl 64] Pin} 32. Be2) 31... Qg5 $17 {[%emt 0:00:49][%mdl 1088] Pin. Black has strong compensation.} 32. Qc1 $2 Nce4 $2 ({But not} 32... hxg3 33. Re8+ Rxe8 34. Qxg5 $18) (32... Nfe4 $19 33. Rc3 Qxc1+ 34. Rxc1 Nxg3) 33. Ne6 $11 {[%emt 0:00:30] The position is equal.} Qg6 {[%emt 0:01:18][%mdl 64] Pin} 34. Nf4 Qg5 {[%emt 0:00:10][%mdl 64] Pin} 35. Ne6 (35. Nh3 $5 Qg6 $8 {[%mdl 64] Pin} 36. Nf4 $11) 35... Qg6 {[%emt 0:00:03][%mdl 64] Pin} 36. Nf4 Qg5 {[%emt 0:00:01][%mdl 64] Pin} 37. Nh3 Qg6 {[%emt 0:00:12][%mdl 64] Pin} 38. Nf4 Qg5 {[%emt 0:00:01][%mdl 64] Pin} 39. Ne6 {[%emt 0:00:28] Weighted Error Value: White=0.38/Black=0.34} 1/2-1/2

[Event "1000GM Memorial Day NY IM-B 2023"]
[Site "New York"]
[Date "2023.05.26"]
[Round "2.1"]
[White "Lee, Alice"]
[Black "Chen, Justin"]
[Result "0-1"]
[ECO "D35"]
[WhiteElo "2391"]
[BlackElo "2333"]
[Annotator "TA"]
[PlyCount "118"]
[EventDate "2023.05.23"]
[EventType "schev"]
[EventCountry "USA"]
[SourceTitle "playchess.com"]
[Source "ChessBase"]
[SourceQuality "1"]
[TimeControl "5400+30"]

1. d4 Nf6 2. c4 e6 3. Nc3 d5 4. cxd5 Nxd5 5. e4 Nxc3 6. bxc3 c5 7. Rb1 Be7 {[%emt 0:00:06] D35: Queen's Gambit Declined: Exchange Variation.} 8. Nf3 O-O 9. Bc4 {[%emt 0:00:42] 9.h4 is the fancy move.} a6 {[%emt 0:00:45] The position is equal.} 10. a4 Qc7 11. Bd3 cxd4 12. cxd4 Nc6 13. O-O Nb4 14. Ba3 Nxd3 15. Qxd3 Bxa3 16. Qxa3 Bd7 {[%emt 0:00:36] Black is weak on the dark squares} 17. Ne5 Rfc8 18. Rfc1 Qd8 19. Rxb7 (19. Rd1 {simplifies} Qc7 20. Nxd7 Qxd7 21. a5) 19... Bxa4 {[%emt 0:00:25][%mdl 64] [#] Discovered Attack} 20. Ra1 $146 ({Predecessor:} 20. Nxf7 Qxd4 21. h3 Qxe4 22. Nd6 Rxc1+ 23. Qxc1 Qd4 24. Qa3 Rf8 25. Qg3 Bc6 26. Re7 {0-1 Maurizzi,M (2502)-Zhu,J (2478) Tata Steel-B 84th 2022 (4)}) 20... Be8 (20... Qxd4 $2 21. Nf3 Qxe4 22. Rb4 $18 (22. Qxa4 $2 Qxa4 23. Rbb1 Qf4 $19)) 21. Rd1 Rcb8 22. Rxb8 Qxb8 $40 {[%emt 0:00:08][%mdl 128] Black has some attack.} 23. Nc4 {[%emt 0:05:27] [#]} a5 $1 24. d5 exd5 25. exd5 Qb4 26. Qxb4 axb4 $11 {[%emt 0:00:02][%mdl 4096] Endgame KRB-KRN} 27. d6 {[%emt 0:00:37] Black must now prevent Nb6.} Bb5 28. Nb6 (28. d7 $5 Rd8 $8 29. Nb6 $11) 28... Rd8 29. Nd5 (29. f4 $11 {remains equal.}) 29... b3 $17 {[%emt 0:02:18][%cal Ob3b2] Strongly threatening ...b2! White is on the road to losing.} (29... Rxd6 $2 30. Ne7+ Kf8 31. Rxd6 $18) 30. Nc3 Bd7 {[%emt 0:02:15] And now ...b2 would win.} 31. Rb1 Rb8 32. f3 (32. Kf1 $142) 32... Kf8 33. g4 (33. Kf2 $17) 33... Ke8 34. Kf2 Bc6 35. Ke3 Kd7 36. Rd1 b2 37. f4 {[%emt 0:00:48] [#]} Ba4 $1 {[%emt 0:04:14][%mdl 576] Deflection, Promotion} 38. Nxa4 {[%emt 0:00:31] Threatens to win with Nc5+.} b1=Q ({Weaker is} 38... b1=B 39. Nc5+ Kd8 40. Rd5 $18) 39. Nc5+ Kc6 40. Rxb1 Rxb1 $19 {[%emt 0:00:03] KR-KN} 41. d7 Rd1 (41... Kxc5 $2 42. d8=Q (42. d8=B $2 {perishes.} Rb3+ 43. Ke4 Rh3 $19) 42... Rb3+ 43. Kf2 $18) 42. Ne4 Rxd7 (42... Kxd7 $2 {too greedy.} 43. Kf2 $19) 43. f5 (43. h4 $142) 43... Kd5 44. Kf4 Rc7 45. Ng5 h6 46. Nf3 Rc4+ 47. Kg3 Rc3 {[%emt 0:00:19] ( -> ...Ke4)} 48. Kf4 Rb3 {[%emt 0:00:05] aiming for ...Rb4+.} 49. h3 Rb4+ 50. Ke3 Ra4 51. Ng1 Re4+ 52. Kf3 Ke5 {[%emt 0:00:06] ...Re1 is the strong threat.} 53. Ne2 {[%emt 0:01:20] [#]} h5 $1 54. gxh5 (54. Nc3 Rd4) 54... Rh4 (54... Kxf5 55. Ng3+ Ke5 56. Nxe4 $18) (54... Rxe2 $142 55. h6 Rd2 56. h7 Rd8 57. f6 Kxf6 58. h4 Rh8 59. Kf4 Rxh7 60. Kg4 Ke5 61. Kf3 Rxh4 62. Ke3 g5 63. Ke2 Rd4 64. Kf2 Kf4 65. Ke2 g4 66. Kf2 Re4 67. Kg2 g3 68. Kg1 Kf3 69. Kf1 Re8 70. Kg1 Re1#) 55. Ng3 Rxh3 {[%emt 0:00:02] Black mates.} 56. Kg4 {[%emt 0:00:16] [#]} Rxg3+ $1 {[%emt 0:00:06][%mdl 576] Remove Defender, Deflection} 57. Kxg3 Kxf5 58. Kh4 Kf4 59. h6 gxh6 {[%emt 0:00:05] Weighted Error Value: White=0.84/Black=0.09 (flawless)} 0-1

[Event "1000GM Memorial Day NY IM-B 2023"]
[Site "New York"]
[Date "2023.05.26"]
[Round "2.2"]
[White "Luo, Terry"]
[Black "Ansh M Shah"]
[Result "1-0"]
[ECO "E05"]
[WhiteElo "2321"]
[BlackElo "2171"]
[Annotator "TA"]
[PlyCount "131"]
[EventDate "2023.05.23"]
[EventType "schev"]
[EventCountry "USA"]
[SourceTitle "playchess.com"]
[Source "ChessBase"]
[SourceQuality "1"]
[TimeControl "5400+30"]

1. d4 Nf6 2. c4 e6 3. Nf3 d5 4. g3 Be7 5. Bg2 O-O 6. O-O dxc4 7. Qc2 a6 8. a4 Bd7 9. Qxc4 Bc6 10. Bg5 Nbd7 {[%emt 0:00:12][%cal Bb8d7,Bd7f6,Bf6d5,Bd5b4][%mdl 32] E05: Open Catalan: 5 Nf3 Be7.} 11. a5 Bd5 12. Qc2 {[%emt 0:00:53] [#]} Be4 $146 {[%emt 0:00:47] The position is equal.} ({Predecessor:} 12... c5 13. Nc3 cxd4 14. Nxd5 Nxd5 15. Bxe7 Qxe7 16. Nxd4 Rac8 17. Qb3 Nc5 18. Qa3 Qf6 {1-0 Bryakin,M (2432)-Preotu,R (2502) Titled Tuesday intern op 4th June blitz 2019 (4)}) 13. Qc1 h6 14. Bxf6 Nxf6 15. Nbd2 Bc6 16. Qc2 Nd5 17. Rfd1 Nb4 18. Qc3 Rc8 19. e4 Qe8 20. Ne5 Bb5 21. Ndc4 Nc6 22. Nxc6 Qxc6 23. Ne3 Qe8 24. e5 b6 25. b4 Rb8 (25... bxa5 $14 26. bxa5 (26. Rxa5 c6 $14) 26... c6) 26. d5 $16 exd5 27. Nxd5 (27. Qxc7 $6 bxa5 28. Qxa5 Bd8 $11) 27... c5 (27... bxa5 $16 28. bxa5 (28. Rxa5 c6 $14) 28... c6) 28. bxc5 $2 ({Not} 28. Nxb6 cxb4 29. Qc7 b3 $14) (28. axb6 c4 29. Qd4 Qd8 $18) (28. Nc7 $18 {and White stays clearly on top.} Qc8 29. Nxb5 axb5 30. a6) 28... Bxc5 29. Nc7 Qc8 {[%emt 0:00:37] [#]} 30. Nxb5 axb5 31. Rdc1 {[%emt 0:02:26] aiming for a6. White is much more active. The black rooks are badly placed.} Qf5 $2 {[%emt 0:01:33] [#] White now steadily converts the win.} (31... Qd8 $14) 32. Qc2 $1 $36 {[%emt 0:00:57][%mdl 2048] Keeping Black busy.} Qxc2 (32... Qxe5 $142 33. a6 Qe7) 33. Rxc2 Bd4 34. Rd1 Rbd8 35. Rcd2 {[%emt 0:00:24] Strongly threatening a6.} Bxf2+ 36. Kxf2 Rxd2+ 37. Rxd2 {[%emt 0:00:01] Hoping for a6.} bxa5 {[%emt 0:00:06][%mdl 4096] Endgame KRB-KR} 38. Bc6 {[%emt 0:04:54][%cal Od2d5] Threatens to win with Rd5!} Rb8 $2 (38... b4 {was called for.} 39. Rd5 Rc8) 39. Rd5 b4 40. Rxa5 b3 (40... Kf8 $18 41. Rb5 Rxb5 42. Bxb5 Ke7) 41. Ra8 Rxa8 42. Bxa8 {[%emt 0:00:01] KB-KP} b2 43. Be4 Kf8 44. Ke3 {[%emt 0:00:06] Threatening mate with Kd4.} Ke7 45. Bb1 Ke6 46. Ke4 f5+ 47. exf6 Kxf6 {[%emt 0:00:02] KB-K3P} 48. Kf4 Ke6 49. Kg4 Kf6 50. Kh5 Kf7 51. Kg4 Kf6 52. Kf4 Ke6 53. h3 {[%emt 0:01:12] White mates.} Kf6 54. h4 Ke6 55. g4 Kf6 56. g5+ Kf7 57. Kf5 Kf8 58. Kg6 Kg8 59. Ba2+ ({And not} 59. gxh6 gxh6 60. Kxh6 Kh8 $11) 59... Kh8 60. Kf7 ({Weaker is} 60. gxh6 gxh6 61. Kxh6 b1=B $11) 60... hxg5 61. hxg5 {[%emt 0:00:01][%cal Bh4g5,Bg5g6][%mdl 32] KB-KPP} Kh7 62. Bb1+ g6 63. Kf6 Kg8 64. Kxg6 Kh8 65. Kh6 Kg8 66. g6 {[%emt 0:00:03] Weighted Error Value: White=0.17 (very precise) /Black=0.80} 1-0